 Dungeon Crawl Stone Soup version 0.27.1-1-g398f81649c (webtiles) character file.

Game seed: 4700301574310264252

536 Slyy the Stinger (level 7, -7/48 HPs)
             Began as a Demonspawn Venom Mage on Sept 20, 2021.
             Mangled by a gnoll (12 damage)
             ... on level 4 of the Dungeon on Sept 21, 2021.
             The game lasted 00:43:32 (4852 turns).

Slyy the Stinger (Demonspawn Venom Mage)            Turns: 4852, Time: 00:43:34

Health: -7/48      AC:  6    Str:  8    XL:     7   Next: 4%
Magic:  1/11       EV: 12    Int: 18    God:
Gold:   284        SH:  0    Dex: 14    Spells: 5/12 levels left

rFire    . . .     SeeInvis .   w - +2 hand axe (elec)
rCold    . . .     Faith    .   (no shield)
rNeg     . . .     Spirit   .   a - +0 robe
rPois    .         Reflect  .   (helmet restricted)
rElec    .         Harm     .   o - +1 cloak
rCorr    .         Rampage  .   (no gloves)
Will     .....                  (no boots)
Stlth    +.........             t - amulet of magic regeneration
HPRegen  0.16/turn              (no ring)
MPRegen  0.37/turn              (no ring)

@: lit by a corona, glowing
A: antennae 1, icy blue scales 1, demonic magic 1
a: no special abilities


You were on level 4 of the Dungeon.
You visited 1 branch of the dungeon, and saw 4 of its levels.

You collected 320 gold pieces.
You spent 36 gold pieces at shops.

Inventory:

Hand Weapons
 d - a +0 whip
 f - a +0 hand axe
 w - a +2 hand axe of electrocution (weapon)
Missiles
 i - 7 curare-tipped darts (quivered)
 s - 8 boomerangs
Armour
 a - a +0 robe (worn)
 o - a +1 cloak (worn)
Jewellery
 t - an amulet of magic regeneration (around neck)
 y - a ring of protection from cold
Wands
 v - a wand of flame (8)
 z - a wand of iceblast (9)
Scrolls
 c - a scroll of enchant armour {unknown}
 h - a scroll of amnesia {unknown}
 k - 3 scrolls of teleportation
 n - 3 scrolls of magic mapping {unknown}
 p - a scroll of immolation {unknown}
 q - a scroll of silence {unknown}
Potions
 b - a potion of curing
 e - 4 potions of flight
 g - a potion of heal wounds
 j - a potion of mutation {unknown}
 l - a potion of berserk rage {unknown}
 m - 2 potions of brilliance {unknown}
 r - a potion of resistance {unknown}
 u - 3 potions of might
 x - a potion of attraction {unknown}


   Skills:
 * Level 1.4 Fighting
 * Level 1.8(2.0) Axes
 + Level 1.1(1.7) Maces & Flails
 * Level 1.7 Throwing
 * Level 2.3 Dodging
 + Level 2.2 Stealth
 + Level 3.3 Spellcasting
 * Level 1.8 Conjurations
 * Level 2.0 Transmutations
 * Level 2.0 Air Magic
 * Level 4.1 Poison Magic


You had 5 spell levels left.
You knew the following spells:

 Your Spells              Type           Power      Damage    Failure   Level
a - Sting                 Tmut/Pois      56%        1d5       4%          1
b - Poisonous Vapours     Pois/Air       28%        N/A       7%          2
c - Shock                 Conj/Air       36%        1d5       7%          1
d - Mephitic Cloud        Conj/Pois/Air  12%        N/A       16%         3

Your spell library contained the following spells:

 Spells                   Type           Power      Damage    Failure   Level
 Olgreb's Toxic Radiance  Pois           18%        N/A       28%         4
 Blade Hands              Tmut           5%         N/A       88%         5
 Irradiate                Conj/Tmut      4%         3d15      89%         5
 Dragon Form              Tmut           5%         N/A       100%        7


Dungeon Overview and Level Annotations

Branches:
Dungeon (4/15)
 Temple: D:4-7

Altars:

Shops:
D:3 ?


Innate Abilities, Weirdness & Mutations

You have a pair of small antennae on your head.
You are partially covered in icy blue scales. (AC +2)
Spells you cast may paralyse adjacent enemies.


Message History

You hit the gnoll shaman.
The gnoll shaman is heavily wounded.
The gnoll hits you from afar with a +0 halberd.
The gnoll shaman closely misses you. The gnoll barely misses you.
Casting: Shock (safe; 7% risk of failure)
Confirm with . or Enter, or press ? or * to list all spells.
Aiming: Sting (safe; 4% risk of failure)
Press: ? - help, Shift-Dir - straight line, f/p - gnoll shaman
Aim: a gnoll shaman, wielding a +0 whip and wearing a +0 leather armour (heavily wounded, poisoned, 75% to hit)
The sting hits the gnoll shaman.
The gnoll shaman looks even sicker.
The gnoll shaman is heavily wounded.
Malevolent energies surge around you.
The gnoll shaman hits you with a +0 whip.
The gnoll closely misses you.
You hit the gnoll shaman but do no damage.
The gnoll shaman is severely wounded.
The gnoll shaman mumbles some strange prayers to its god against you.
You are outlined in light.
The gnoll closely misses you.
You hit the gnoll shaman but do no damage.
The gnoll shaman is severely wounded.
The gnoll shaman misses you.
The gnoll hits you from afar with a +0 halberd!
* * * LOW HITPOINT WARNING * * *
You hit the gnoll shaman.
Lightning courses through the gnoll shaman!
You kill the gnoll shaman!
The gnoll barely misses you.
Your Poison Magic skill increases to level 4!
You have reached level 7!
Your demonic ancestry asserts itself...
A pair of antennae grows on your head!
Casting: Sting (safe; 4% risk of failure)
Confirm with . or Enter, or press ? or * to list all spells.
Aiming: Poisonous Vapours (safe; 7% risk of failure)
Press: ? - help, Dir - move target, f - gnoll
Aim: a gnoll, wielding a +0 halberd (heavily wounded) Poisonous vapours surround the gnoll!
The gnoll is poisoned.
Malevolent energies surge around you.
The gnoll hits you from afar with a +0 halberd!
You die...

...# #.####.####
##.###.####.###
##..........[.#
.....##..##.#.#
.....##..#..#.#
.....##..#.##.#
.....##..#.##.####
.....##..........#
.....#####.#####@#
.....# #.# #)##
###### #.# #g.#
##############)#
.............).#
.#...#...#...#.#
...............#
g#...#...#...###
.....[........#


You could see a gnoll (poisoned).

Vanquished Creatures
  Eustachio (D:4)
  A sky beast (D:4)
  A gnoll shaman (D:4)
  A hound (D:4)
  Ijyb (D:4)
  Terence (D:3)
  An orc wizard (D:3)
  A hound skeleton (D:4)
  3 gnolls
  5 adders
  A worm (D:2)
  2 dart slugs
  13 orcs
  12 bats
  3 endoplasms
  2 giant cockroaches
  6 goblins
  8 hobgoblins
  4 quokkas
  5 ball pythons
  5 frilled lizards
  5 kobolds
  8 rats
90 creatures vanquished.

Vanquished Creatures (others)
  A fungus (D:1)
1 creature vanquished.

Grand Total: 91 creatures vanquished

Notes
Turn   | Place    | Note
-------+----------+-------------------------------------------
     0 | D:1      | Slyy the Demonspawn Venom Mage began the quest for the Orb.
     0 | D:1      | Reached XP level 1. HP: 13/13 MP: 3/3
   297 | D:1      | Gained mutation: Spells you cast may paralyse adjacent
                  | enemies. [demonic ancestry]
   297 | D:1      | Reached XP level 2. HP: 19/19 MP: 3/5
   300 | D:1      | Learned a level 2 spell: Poisonous Vapours
   538 | D:1      | Reached skill level 1 in Transmutations
   774 | D:1      | Found a faded altar of an unknown god.
   778 | D:1      | Got Plato's Almanac of Feathers
   782 | D:1      | Learned a level 1 spell: Shock
   798 | D:1      | Reached XP level 3. HP: 14/24 MP: 2/6
  1319 | D:1      | Learned a level 3 spell: Mephitic Cloud
  2051 | D:2      | Gained mutation: You are partially covered in icy blue
                  | scales. (AC +2) [demonic ancestry]
  2051 | D:2      | Reached XP level 4. HP: 30/30 MP: 4/8
  2654 | D:3      | Reached skill level 1 in Conjurations
  2787 | D:3      | Reached skill level 1 in Axes
  2787 | D:3      | Reached skill level 1 in Air Magic
  2795 | D:3      | Reached XP level 5. HP: 36/36 MP: 1/9
  3100 | D:3      | Noticed Terence
  3183 | D:3      | Killed Terence
  3657 | D:3      | Found Poups's Magic Scroll Shoppe.
  3685 | D:3      | Bought a scroll of teleportation for 36 gold pieces
  3892 | D:4      | Noticed Eustachio
  3928 | D:4      | Killed Eustachio
  3929 | D:4      | Reached skill level 1 in Fighting
  3929 | D:4      | Reached skill level 1 in Throwing
  3929 | D:4      | Reached XP level 6. HP: 20/43 MP: 2/10
  4182 | D:4      | Reached skill level 1 in Maces & Flails
  4376 | D:4      | Noticed Ijyb
  4393 | D:4      | Killed Ijyb
  4451 | D:4      | Noticed a sky beast
  4464 | D:4      | Killed a sky beast
  4852 | D:4      | Reached skill level 4 in Poison Magic
  4852 | D:4      | Gained mutation: You have a pair of small antennae on your
                  | head. [demonic ancestry]
  4852 | D:4      | Reached XP level 7. HP: 5/48 MP: 3/11
  4852 | D:4      | Mangled by a gnoll

Illustrated notes

Levels and vault maps discovered:
D:1:      psy_arrival_spokes, layout_loops_ring,
          shapermc_ecumenical_altar_rom_forum, minmay_strange_pillars,
          chequers_serial_rivers_micro_a
D:2:      layout_basic
D:3:      layout_basic, serial_shops, shop_coins, minmay_misc_feat_nine_boxes,
          grunt_ministairs_15, grunt_decor_cap, roderic_nine_men_s_morris,
          serial_bayou_crossing, uniq_terence
D:4:      layout_loops_cross, lemuel_coloured_pillars_altar, uniq_eustachio,
          uniq_ijyb, uniq_natasha

Skill      XL: |  1  2  3  4  5  6 |
---------------+-------------------+-----
Transmutations | 1 2 |  2.0
Stealth        | 2 |  2.2
Conjurations   | 1 |  1.8
Axes           | 1 |  1.8
Air Magic      | 1 2 |  2.0
Spellcasting   | 3 |  3.3
Dodging        | 2 |  2.3
Fighting       | 1 |  1.4
Throwing       | 1 |  1.7
Maces & Flails | 1 |  1.1
Poison Magic   | 4 |  4.1

Action                   |  1- 3 |  4- 6 |  7- 9 || total
-------------------------+-------+-------+-------++-------
Melee: Whip              |    75 |   100 |       ||   175
       Hand axe          |       |    31 |       ||    31
 Cast: Sting             |    43 |    20 |       ||    63
       Poisonous Vapours |     6 |    43 |     1 ||    50
       Shock             |     5 |    28 |       ||    33
       Mephitic Cloud    |       |     1 |       ||     1
Evoke: Wand              |       |     4 |       ||     4
  Use: Scroll            |       |     4 |       ||     4
       Potion            |       |     1 |       ||     1
 Stab: Paralysed         |     9 |     5 |       ||    14
       Confused          |       |     3 |       ||     3
Armor: Robe              |    10 |    47 |       ||    57
Dodge: Dodged            |    37 |   101 |       ||   138
